 Dungeon Crawl Stone Soup version 0.22.1-1-ga44c0e5 (webtiles) character file.

203 harcile the Covered (level 5, -5/70 HPs)
             Began as a Hill Orc Fighter on Oct 31, 2018.
             Slain by Duvessa
             ... wielding a +0 short sword
              (9 damage)
             ... on level 4 of the Dungeon.
             The game lasted 00:05:56 (2805 turns).

harcile the Covered (Hill Orc Fighter)              Turns: 2805, Time: 00:05:57

Health: -5/70      AC: 22    Str: 20    XL:     5   Next: 81%
Magic:  5/5        EV:  2    Int:  8    God:
Gold:   105        SH:  9    Dex: 10    Spells: 4/4 levels left

rFire    . . .     SeeInvis .   a - +0 long sword
rCold    . . .     Gourm    .   c - +0 shield
rNeg     + + +     Faith    .   (armour currently unavailable)
rPois    +         Spirit   .   (helmet currently unavailable)
rElec    .         Reflect  .   (cloak currently unavailable)
rCorr    .         Harm     .   (gloves currently unavailable)
MR       .....     NoTele   +   (boots currently unavailable)
Stlth    +.........             (no amulet)
HPRegen  0.21/turn              (no ring)
MPRegen  0.09/turn              (no ring)

@: tree-form
A: no striking features
a: no special abilities


You were on level 4 of the Dungeon.
You were hungry.
You were a tree.
You visited 1 branch of the dungeon, and saw 4 of its levels.

You collected 105 gold pieces.

Inventory:

Hand Weapons
 a - a +0 long sword (weapon)
Armour
 b - a +0 scale mail (melded)
 c - a +0 shield (worn)
 k - a +0 pair of gloves (melded)
Scrolls
 g - a scroll of enchant armour {unknown}
 h - a scroll of fog {unknown}
 i - 2 scrolls of magic mapping {unknown}
 j - 5 scrolls of identify {unknown}
 m - a scroll of noise {unknown}
 n - a scroll of enchant weapon {unknown}
Potions
 d - a potion of might
 e - a potion of magic
 l - a potion of lignification
 o - a potion of curing {unknown}
Comestibles
 f - 2 rations
 p - 4 chunks of flesh


   Skills:
 + Level 4.4 Fighting
 + Level 4.1 Long Blades
 + Level 4.4 Armour
 + Level 0.5 Dodging
 + Level 0.3 Stealth
 + Level 4.2 Shields


You had 4 spell levels left.
You didn't know any spells.
Your spell library contained the following spells:

 Spells                   Type           Power        Failure   Level  Hunger
 Animate Skeleton         Necr           N/A          87%         1    ##.....
 Apportation              Tloc           #.....       87%         1    ##.....
 Confusing Touch          Hex            #.....       87%         1    ##.....
 Summon Small Mammal      Summ           #...         87%         1    ##.....
 Confuse                  Hex            #.......     99%         3    ####...
 Gell's Gravitas          Tloc           #.........   99%         3    ####...
 Petrify                  Tmut/Erth      #.......     100%        4    #####..
 Metabolic Englaciation   Hex/Ice        #.........   100%        5    ######.
 Yara's Violent Unravell  Hex/Tmut       #.........   100%        5    ######.


Dungeon Overview and Level Annotations

Branches:
Dungeon (4/15)
 Temple: D:4-7

Altars:
Makhleb

Annotations:
D:4 Duvessa


Message History

Duvessa seems to speed up.
Duvessa hits you with a short sword.
* * * LOW HITPOINT WARNING * * *
You slash Dowan!
Dowan is severely wounded.
Duvessa hits you but does no damage.
Dowan says, "Magic and the sword, together, will defeat you."
Dowan gestures wildly while chanting.
Dowan blinks!
Duvessa hits you but does no damage.
You slash Duvessa!
Duvessa is heavily wounded.
Duvessa hits you but does no damage.
You slash Dowan!
You kill Dowan!
Duvessa weeps, then rights herself and shakes her weapon.
Duvessa goes berserk!
You block Duvessa's attack. Duvessa hits you but does no damage.
You hit Duvessa but do no damage.
Duvessa is heavily wounded.
Duvessa hits you with a short sword!
You die...

#..........#
##.##.........
..........#
#..###........
#........# ###.##
#........ ###
........# #.#.#
#........ ..###
.......# #...#
##.......
....###.....#
##..##
###.)..#....#
#....#
#####)...####
#....## .##
####....####♣....#
..#
###......e)...#
..## ###.........#
...## ####.....##
....# .........
#..## #########..
#### #


You could see Duvessa (berserk).

Vanquished Creatures
  Dowan (D:4)
  A hound (D:3)
  Terence (D:3)
  An orc wizard (D:4)
  An adder (D:2)
  An ooze (D:1)
  A worm (D:3)
  2 dart slugs (D:1)
  2 orcs (D:4)
  2 ball pythons
  4 bats
  3 giant cockroaches
  4 goblins
  6 hobgoblins
  3 jackals (D:3)
  4 frilled lizards
  10 kobolds
  7 rats
54 creatures vanquished.

Notes
Turn   | Place    | Note
-------+----------+-------------------------------------------
     0 | D:1      | harcile the Hill Orc Fighter began the quest for the Orb.
     0 | D:1      | Reached XP level 1. HP: 19/19 MP: 1/1
    64 | D:1      | Reached XP level 2. HP: 25/27 MP: 2/2
   304 | D:1      | Reached XP level 3. HP: 32/33 MP: 3/3
  1670 | D:2      | Reached XP level 4. HP: 40/40 MP: 4/4
  1750 | D:3      | Noticed Terence
  1761 | D:3      | Killed Terence
  1921 | D:3      | Found a burning altar of Makhleb.
  2136 | D:3      | Reached XP level 5. HP: 41/46 MP: 5/5
  2770 | D:4      | Noticed Dowan
  2770 | D:4      | Noticed Duvessa
  2795 | D:4      | HP: 2/46 [Duvessa/short sword (9)]
  2801 | D:4      | HP: 3/69 [Duvessa/short sword (2)]
  2804 | D:4      | Killed Dowan
  2805 | D:4      | Slain by Duvessa

Skill      XL: |  1  2  3  4  5 |
---------------+----------------+-----
Long Blades    | 3 4 |  4.1
Fighting       | 4 |  4.4
Armour         | 4 |  4.4
Shields        | 4 |  4.2
Dodging        | |  0.5
Stealth        | |  0.3

Action                   |  1- 3 |  4- 6 || total
-------------------------+-------+-------++-------
Melee: Long sword        |   160 |   104 ||   264
  Use: Potion            |       |     2 ||     2
  Eat: Chunk             |     2 |     4 ||     6
Armor: Scale mail        |    53 |    44 ||    97
       Skin              |       |    10 ||    10
Dodge: Dodged            |    43 |    12 ||    55
Block: Shield            |    89 |    40 ||   129
       Rpst.: Long sword |    15 |     8 ||    23
